 Dungeon Crawl Stone Soup version 0.17-a0-1596-g1e86911 (console) character file.

114 Monkaria the Chopper (level 4, -1/44 HPs)
             Began as a Deep Dwarf Berserker on July 30, 2015.
             Was a Believer of Trog.
             Slain by a gnoll
             ... wielding a +3 flail of protection
              (3 damage)
             ... on level 3 of the Dungeon.
             The game lasted 00:02:45 (1580 turns).

Monkaria the Chopper (Deep Dwarf Berserker)         Turns: 1580, Time: 00:02:45

Health: -1/44      AC:  2    Str: 20    XL:     4   Next: 67%
Magic:  3/3        EV: 12    Int:  8    God:    Trog [**....]
Gold:   82         SH:  0    Dex: 13    Spells: 0 memorised, 3 levels left

rFire  . . .     SeeInvis .     a - +0 hand axe
rCold  . . .     Clarity  .     b - +0 animal skin
rNeg   . . .     SustAt   .     (no shield)
rPois  .         Gourm    .     (no helmet)
rElec  .         Spirit   .     (no cloak)
rCorr  .         Warding  .     (no gloves)
rMut   .         Stasis   .     (no boots)
MR     ++...                    (no amulet)
Stlth  +.........               (no ring)
                                (no ring)

@: exhausted, non-regenerating, hasted and slowed, very resistant to hostile
enchantments, very unstealthy
A: damage resistance, recharge devices, sense surroundings 1, slow healing 3
a: Device Recharging, Burn Spellbooks, Berserk, Trog's Hand, Renounce Religion


You were on level 3 of the Dungeon.
You worshipped Trog.
Trog was pleased with you.
You were near starving.

You visited 1 branch of the dungeon, and saw 3 of its levels.

You collected 82 gold pieces.

Inventory:

Hand weapons
 a - a +0 hand axe (weapon)
Missiles
 i - 7 javelins (quivered)
 j - 8 javelins of penetration
 t - 14 poisoned needles
Armour
 b - a +0 animal skin (worn)
 n - a +3 chain mail
Magical devices
 c - a wand of heal wounds (0)
Scrolls
 f - a scroll of noise
 l - 2 scrolls of enchant weapon {unknown}
 p - a scroll of teleportation {unknown}
 q - a scroll of recharging {unknown}
Potions
 e - a potion of haste
 g - 2 potions of curing {unknown}
 h - a potion of flight {unknown}
 r - a potion of poison {unknown}
 s - a potion of brilliance {unknown}
 u - a potion of cure mutation {unknown}
Comestibles
 d - a bread ration
 k - a fruit
 m - 3 chunks of flesh
 o - a slice of pizza


   Skills:
 - Level 4.1 Fighting
 + Level 4.7 Axes
 - Level 2.1 Armour
 - Level 2.1 Dodging


You had 3 spell levels left.
You didn't know any spells.

Dungeon Overview and Level Annotations

Branches:
Dungeon (3/15)

Altars:


Innate Abilities, Weirdness & Mutations

You are resistant to damage.
You can recharge devices by infusing magical energy.
You passively map a small area around you.
You do not heal naturally.


Message History

You hit the gnoll.
The gnoll is almost dead.
The gnoll hits you. The gnoll misses you. The gnoll hits you.
Unknown command.
You barely miss the gnoll.
The gnoll is severely wounded.
You closely miss the gnoll.
The gnoll is almost dead.
The gnoll hits you with a flail of protection!
* * * LOW HITPOINT WARNING * * *
The gnoll hits you!
* * * LOW HITPOINT WARNING * * *
The gnoll hits you with a flail of protection.
* * * LOW HITPOINT WARNING * * *
Drink which item? (? for menu, Esc to quit)
It was a potion of haste.
You feel yourself speed up. The gnoll closely misses you. The gnoll hits you.
* * * LOW HITPOINT WARNING * * *
The gnoll hits you with a flail of protection.
You die...

. #.# * *
#######.######## *
, ................
* * *
,*#######)########,
, #....)......# , +
#...........# . *
#........####..#
.>.......).g......
,
#..(......@gS....#
,
#.#........#.#...#*
#.#..............#
, # #...##..####.#
..... .... # *
.#...##..# * #.
...# * , * , .... *
,


You could see 2 gnolls and an adder.

Vanquished Creatures
  3 adders (D:2)
  2 gnolls (D:3)
  3 worms
  A giant gecko (D:1)
  4 orcs (D:3)
  A ball python (D:1)
  4 giant cockroaches
  8 goblins
  6 hobgoblins
  2 quokkas (D:2)
  6 bats
  2 giant newts
  9 kobolds
  6 rats
57 creatures vanquished.

Notes
Turn   | Place    | Note
--------------------------------------------------------------
     0 | D:1      | Monkaria the Deep Dwarf Berserker began the quest for the Orb.
     0 | D:1      | Reached XP level 1. HP: 20/20 MP: 1/1
   176 | D:1      | Reached XP level 2. HP: 17/28 MP: 2/2
   349 | D:1      | HP: 1/28 [kobold (2)]
   818 | D:2      | Acquired Trog's second power
   852 | D:2      | Reached XP level 3. HP: 36/36 MP: 3/3
  1016 | D:2      | Reached skill level 4 in Fighting
  1052 | D:2      | HP: 1/36 [kobold/whip of electrocution (13)]
  1160 | D:2      | Reached XP level 4. HP: 29/44 MP: 3/3
  1569 | D:3      | HP: 1/44 [gnoll/flail of protection (5)]
  1580 | D:3      | HP: 2/44 [gnoll (4)]
  1580 | D:3      | Slain by a gnoll

Vault maps used:
D:1:      co_arrival_square_in_a_square_in_a_square, serial_bayou_pond_b
D:3:      minivault_14

Action                   |  1- 3 |  4- 6 || total
-------------------------+-------+-------++-------
Melee: Hand axe          |   166 |    42 ||   208
Invok: Berserk           |       |     1 ||     1
       Trog's Hand       |       |     1 ||     1
 Abil: Device Recharging |     1 |       ||     1
Evoke: Wand              |     6 |     3 ||     9
  Use: Scroll            |     3 |       ||     3
       Potion            |       |     1 ||     1
 Stab: Sleeping          |     2 |     1 ||     3
  Eat: Chunk             |     1 |     1 ||     2
